 Dungeon Sprint DCSS version 0.23.2-1-ga50397a6bc (webtiles) character file.

Game seed: 13264931348712738096

618 Morrissey the Grappler (level 7, -4/78 HPs)
             Began as a Troll Earth Elementalist on Apr 27, 2019.
             Was a Believer of Makhleb.
             Slain by a red ugly thing (23 damage)
             ... in the Dungeon (Sprint IX: "|||||||||||||||||||||||||||||").
             The game lasted 00:02:09 (278 turns).

Morrissey the Grappler (Troll Earth Elementalist)    Turns: 278, Time: 00:02:10

Health: -4/78      AC:  6    Str: 17    XL:     7   Next: 21%
Magic:  7/7        EV: 15    Int: 15    God:    Makhleb [**....]
Gold:   0          SH:  0    Dex: 11    Spells: 7/8 levels left

rFire    . . .     SeeInvis .     - Unarmed
rCold    . . .     Gourm    +   (no shield)
rNeg     . . .     Faith    .   c - +0 robe
rPois    .         Spirit   .   (helmet restricted)
rElec    .         Reflect  .   (no cloak)
rCorr    .         Harm     .   (gloves unavailable)
MR       .....     NoTele   +   (boots unavailable)
Stlth    +.........             (no amulet)
HPRegen  0.63/turn              m - +2 ring of evasion
MPRegen  0.10/turn              n - +3 ring of intelligence

@: lethally poisoned (-4 -> -5)
A: large, unfitting armour, claws 3, fast metabolism 3, gourmand, regeneration
1, shaggy fur 1, tough skin 3
a: Minor Destruction, Renounce Religion


You were in the Dungeon.
You worshipped Makhleb.
Makhleb was pleased with you.
You were not hungry.

You visited 1 branch

Inventory:

Missiles
 b - 30 stones (quivered)
Armour
 c - a +0 robe (worn)
Jewellery
 m - a +2 ring of evasion (left claw)
 n - a +3 ring of intelligence (right claw)
Wands
 l - a wand of acid (10)
Scrolls
 i - 3 scrolls of remove curse
 j - 2 scrolls of blinking
 k - 2 scrolls of amnesia
Potions
 a - a potion of invisibility
 e - 5 potions of curing
 f - 2 potions of heal wounds
 g - a potion of haste
 h - 4 potions of magic
Comestibles
 d - 2 rations


   Skills:
 + Level 7.3 Fighting
 + Level 7.5 Dodging
 - Level 1.0 Stealth
 + Level 8.7 Unarmed Combat
 - Level 1.2 Spellcasting
   Level 0.6 Transmutations
 - Level 4.5 Earth Magic


You had 7 spell levels left.
You knew the following spells:

 Your Spells              Type           Power        Failure   Level  Hunger
a - Sandblast             Erth           ##....       3%          1    ##.....

Your spell library contained the following spells:

 Spells                   Type           Power        Failure   Level  Hunger
 Passwall                 Tmut/Erth      #.......     13%         2    ###....
 Stone Arrow              Conj/Erth      #.....       28%         3    ####...
 Petrify                  Tmut/Erth      #.......     63%         4    #####..
 Lee's Rapid Deconstruct  Erth           ##........   71%         5    ######.


Dungeon Overview and Level Annotations

Branches:
Dungeon (1/1)

Altars:
Cheibriados
Dithmenos
Elyvilon
Fedhas
Gozag
Hepliaklqana
Kikubaaqudgha
Makhleb
Nemelex Xobeh
Okawaru
Qazlal
Ru
Sif Muna
Trog
Uskayaw
Vehumet
Wu Jian
Xom
Yredelemnul
Zin
The Shining One
Beogh
Jiyva
Lugonu


Innate Abilities, Weirdness & Mutations

You are too large for most types of armour.
You have claws for hands.
Your metabolism is lightning-fast.
You like to eat raw meat.
Your natural rate of healing is unusually fast.
You are covered in fur. (AC +1)
You have extremely tough skin. (AC +3)


Message History

The red ugly thing is heavily wounded.
The red ugly thing barely misses you.
You closely miss the red ugly thing.
The red ugly thing is heavily wounded.
You feel sick.
The red ugly thing trunk-slaps you but does no damage.
You claw the red ugly thing!
The red ugly thing is severely wounded.
You scratch the red ugly thing but do no damage.
The red ugly thing is severely wounded.
The red ugly thing trunk-slaps you but does no damage.
You claw the red ugly thing!
The red ugly thing is almost dead.
The red ugly thing closely misses you.
You closely miss the red ugly thing.
The red ugly thing is almost dead.
The red ugly thing trunk-slaps you.
* * * LOW HITPOINT WARNING * * *
You are engulfed in flames!!
You die... ▓▓▓▓▓▓▓▓▓▓▓▓▓▓▓▓▓▓▓▓▓▓▓▓ '..|)[[[..).....@uWZ.... ▓▓▓▓▓▓▓▓▓▓▓▓▓▓▓▓▓▓▓▓▓▓▓▓

You could see a red ugly thing, a wraith and a bat zombie.

Vanquished Creatures
  A yak (D)
  A hungry ghost (D)
  A sky beast (D)
  A centaur (D)
  A hound (D)
  5 worker ants (D)
  2 adders (D)
  A worm (D)
  An orc (D)
  A giant cockroach (D)
  2 hobgoblins (D)
  A bat (D)
  A rat (D)
19 creatures vanquished.

Notes
Turn   | Place    | Note
-------+----------+-------------------------------------------
     0 | D        | Morrissey the Troll Earth Elementalist began the quest for
                  | the Orb.
     0 | D        | Reached XP level 1. HP: 16/16 MP: 1/1
    10 | D        | Reached skill level 1 in Unarmed Combat
    11 | D        | Reached skill level 1 in Fighting
    18 | D        | Noticed a worker ant
    18 | D        | Noticed a worker ant
    25 | D        | Killed a worker ant
    25 | D        | Reached skill level 2 in Unarmed Combat
    25 | D        | Reached XP level 2. HP: 19/28 MP: 2/2
    25 | D        | Reached XP level 3. HP: 24/35 MP: 3/3
    37 | D        | Reached skill level 3 in Unarmed Combat
    48 | D        | Reached XP level 4. HP: 27/45 MP: 4/4
    85 | D        | Found a roughly hewn altar of Beogh.
    85 | D        | Found a snail-covered altar of Cheibriados.
    85 | D        | Found a shadowy altar of Dithmenos.
    85 | D        | Found a white marble altar of Elyvilon.
    85 | D        | Found a blossoming altar of Fedhas.
    85 | D        | Found an opulent altar of Gozag.
    86 | D        | Found a hazy altar of Hepliaklqana.
    87 | D        | Found a viscous altar of Jiyva.
    88 | D        | Found an ancient bone altar of Kikubaaqudgha.
    91 | D        | Found a corrupted altar of Lugonu.
    92 | D        | Found a burning altar of Makhleb.
    93 | D        | Found a sparkling altar of Nemelex Xobeh.
    94 | D        | Found an iron altar of Okawaru.
    95 | D        | Found a stormy altar of Qazlal.
    96 | D        | Found a sacrificial altar of Ru.
    97 | D        | Found a deep blue altar of Sif Muna.
    98 | D        | Found a bloodstained altar of Trog.
    99 | D        | Found a hide-covered altar of Uskayaw.
   100 | D        | Became a worshipper of Makhleb the Destroyer
   101 | D        | Found a radiant altar of Vehumet.
   102 | D        | Found an ornate altar of the Wu Jian Council.
   103 | D        | Found a shimmering altar of Xom.
   104 | D        | Found a basalt altar of Yredelemnul.
   105 | D        | Found a glowing silver altar of Zin.
   106 | D        | Found a glowing golden altar of the Shining One.
   134 | D        | Noticed a centaur
   134 | D        | Noticed a sky beast
   134 | D        | Noticed a hungry ghost
   140 | D        | Reached skill level 4 in Unarmed Combat
   147 | D        | Killed a centaur
   147 | D        | Reached * piety under Makhleb
   147 | D        | Reached skill level 5 in Fighting
   147 | D        | Reached skill level 5 in Dodging
   147 | D        | Reached skill level 6 in Unarmed Combat
   147 | D        | Reached XP level 5. HP: 40/57 MP: 5/5
   155 | D        | Killed a sky beast
   155 | D        | Reached XP level 6. HP: 17/67 MP: 6/6
   159 | D        | Reached skill level 7 in Unarmed Combat
   170 | D        | Killed a hungry ghost
   170 | D        | Reached ** piety under Makhleb
   170 | D        | Reached skill level 8 in Unarmed Combat
   251 | D        | Noticed a yak
   251 | D        | Noticed a red ugly thing
   251 | D        | Noticed a wraith
   268 | D        | Killed a yak
   268 | D        | Reached XP level 7. HP: 78/78 MP: 7/7
   278 | D        | Slain by a red ugly thing

Skill      XL: |  1  2  3  4  5  6 |
---------------+-------------------+-----
Dodging        | 2 3 5 6 7 |  7.5
Unarmed Combat | 2 3 6 8 |  8.7
Earth Magic    | 3 4 |  4.5
Fighting       | 2 3 5 7 |  7.3
Stealth        | |  1.0
Spellcasting   | |  1.2
Transmutations | |  0.6

Action                   |  1- 3 |  4- 6 |  7- 9 || total
-------------------------+-------+-------+-------++-------
Melee: Unarmed           |    36 |    53 |    10 ||    99
       Punch             |       |     1 |       ||     1
  Use: Potion            |     2 |       |       ||     2
  Eat: Chunk             |       |     8 |       ||     8
Armor: Robe              |    12 |    10 |     3 ||    25
Dodge: Dodged            |    10 |    25 |     2 ||    37
